Map: New Repugnancy LE

Players

Special - Winner!

  • Race: Terran Terran
  • League: Master
  • Spawn Location: 7:00

MaSa

  • Race: Terran Terran
  • Spawn Location: 1:00

Event: 2019 WCS Spring

VOD

Have the link to the VOD?

Description

Time

  • Played on: May 18, 2019, 12:45 p.m.
  • Length: 7:58

All games in this series

Show
View Real Time Build Order
Export as new Build Order

Special Terran - Winner!

Build Orders:  

Get SALT Encoding   

  12  0:00  SCV  
  13  0:12  SCV  
  14  0:17  Supply Depot  
  14  0:24  SCV  
  15  0:28  Refinery  
  15  0:38  SCV  
  16  0:44  Barracks  
  16  0:50  SCV  
  16  0:55  Refinery  
  17  1:02  SCV  
  18  1:15  SCV  
  19  1:32  Orbital Command  
  19  1:34  Reaper, Factory  
  20  1:42  Supply Depot  
  20  1:58  SCV  
  21  2:07  Reaper  
  22  2:10  SCV  
  23  2:17  Hellion  
  26  2:22  SCV  
  26  2:28  Command Center  
  26  2:35  SCV  
  27  2:39  Starport  
  27  2:42  Barracks Reactor  
  27  2:46  Widow Mine  
  27  2:51  SCV  
  30  2:57  Supply Depot  
  30  3:03  SCV  
  31  3:07  Factory Tech Lab  
  31  3:17  Starport Tech Lab  
  31  3:18  SCV  
  31  3:19  Marine x2  
  33  3:26  Cyclone  
  37  3:30  SCV  
  37  3:31  Refinery  
  38  3:37  Marine  
  38  3:40  Marine  
  40  3:41  Orbital Command  
  40  3:44  Raven  
  40  3:47  SCV  
  43  3:55  Marine  
  44  3:58  Marine  
  44  3:59  SCV  
  46  4:04  Siege Tank  
  45  4:10  SCV  
  45  4:13  Marine  
  45  4:15  Marine  
  47  4:31  Marine  
  48  4:33  Raven, Marine  
  48  4:35  SCV x2  
  51  4:48  Marine  
  51  4:49  SCV  
  54  4:53  Marine  
  54  4:54  Supply Depot  
  54  5:03  Supply Depot  
  54  5:15  SCV x2, Siege Tank, Marine x2  
  60  5:27  SCV x2  
  62  5:39  SCV x2  
  63  5:46  Supply Depot  
  63  5:47  Siege Tank  
  63  5:49  Viking  
  68  5:50  Viking  
  68  5:52  Command Center  
  70  5:57  Supply Depot  
  70  6:07  SCV x2, Marine  
  70  6:09  Supply Depot  
  73  6:15  Barracks  
  73  6:17  Barracks  
  73  6:19  SCV x2  
  73  6:22  Viking x2  
  73  6:25  Marine  
  80  6:31  SCV x2  
  81  6:42  Marine  
  81  6:43  SCV x2  
  84  6:52  Viking x2  
  88  6:56  SCV x2  
  88  7:00  Marine, Refinery  
  91  7:07  Siege Tank  
  91  7:08  SCV  
  95  7:10  SCV  
  96  7:20  Orbital Command, Barracks Reactor x2  
  96  7:21  SCV  
  97  7:25  SCV  
  97  7:27  Supply Depot  
  98  7:30  Marine  
  98  7:35  SCV  
  103  7:37  SCV  
Show
View Real Time Build Order
Export as new Build Order

MaSa Terran 

Build Orders: Liberator Opening 

Get SALT Encoding   

  12  0:02  SCV  
  14  0:14  SCV  
  14  0:17  Supply Depot  
  14  0:26  SCV  
  14  0:28  Refinery  
  15  0:39  SCV  
  16  0:44  Barracks  
  16  0:51  SCV  
  16  0:55  Refinery  
  17  1:03  SCV  
  18  1:15  SCV  
  19  1:32  Orbital Command  
  19  1:33  Factory  
  19  1:34  Barracks Reactor  
  19  1:45  Supply Depot  
  19  1:57  SCV  
  20  2:09  SCV  
  20  2:11  Reaper x2  
  23  2:16  Hellion  
  23  2:21  SCV  
  26  2:29  Command Center  
  26  2:33  SCV  
  27  2:39  Hellion  
  29  2:44  Supply Depot  
  29  2:47  Reaper  
  29  2:50  Reaper  
  31  3:01  Starport  
  31  3:06  SCV  
  31  3:07  Hellion  
  34  3:15  Supply Depot  
  34  3:19  SCV  
  35  3:21  Reaper  
  35  3:22  Liberator  
  35  3:24  Reaper  
  37  3:31  SCV  
  38  3:37  Hellion  
  43  3:47  Orbital Command  
  43  3:50  SCV  
  43  3:54  Marine  
  45  3:55  Marine  
  45  3:59  Factory Tech Lab  
  45  4:02  SCV  
  47  4:12  Marine  
  47  4:13  Marine  
  47  4:14  SCV  
  48  4:17  SCV  
  49  4:26  SCV  
  49  4:29  SCV  
  49  4:30  Marine  
  49  4:31  Marine  
  49  4:38  SCV, Siege Tank  
  54  4:41  SCV, Starport Tech Lab  
  54  4:48  Marine  
  54  4:49  Marine  
  54  4:50  SCV  
  55  4:54  SCV  
  56  5:00  Raven  
  56  5:01  Refinery  
  56  5:02  Supply Depot  
  56  5:04  SCV  
  56  5:06  SCV, Marine  
  56  5:07  Marine  
  60  5:16  SCV  
  60  5:18  SCV, Siege Tank  
  61  5:28  SCV  
  61  5:30  SCV, Marine  
  61  5:31  Barracks, Marine  
  65  5:39  Supply Depot  
  65  5:40  SCV  
  65  5:42  SCV  
  67  5:48  Engineering Bay  
  67  5:50  Starport Reactor, Siege Tank  
  67  5:51  Refinery  
  70  5:59  Barracks  
  70  6:00  SCV x2  
  70  6:02  Supply Depot  
  72  6:13  SCV x2  
  72  6:17  Marine  
  73  6:25  SCV x2  
  75  6:31  Siege Tank  
  78  6:35  Marine  
  78  6:37  SCV x2  
  78  6:38  Marine  
  78  6:39  Marine  
  82  6:44  Starport Reactor  
  79  6:49  SCV x2  
  79  6:52  Marine  
  82  6:56  Marine x2  
  82  7:00  Marine x2  
  86  7:05  Supply Depot  
  86  7:12  Marine  
  86  7:16  Supply Depot  
  86  7:27  Supply Depot  
  86  7:32  Supply Depot  
  86  7:37  SCV  
  86  7:38  Marine x3  
  86  7:39  Marine  
  94  7:44  SCV  
  94  7:46  Starport  
  94  7:47  Barracks  
Tags
 
Add a new tag
Caveats
  • Supply blocks, unpowered buildings, or Contaminate may cause inaccurate times.
  • Supply counts are checked every 10 seconds.